 Dungeon Crawl Stone Soup version 0.27.1-34-g3ba077fa99 (webtiles) character file.

Game seed: 9602892219794521238

93 Descartes the Grasshopper (level 4, -1/19 HPs)
             Began as a Felid Warper on Jan 21, 2022.
             Slain by an iguana (10 damage)
             ... on level 4 of the Dungeon.
             The game lasted 00:05:29 (4206 turns).

Descartes the Grasshopper (Felid Warper)            Turns: 4206, Time: 00:05:30

Health: -1/19      AC:  1    Str:  8    XL:     4   Next: 37%
Magic:  8/8        EV: 19    Int: 14    God:
Gold:   60         SH:  0    Dex: 15    Spells: 7/7 levels left
                                        Lives:  0   Deaths: 1

rFire    . . .     SeeInvis +     - Unarmed
rCold    . . .     Faith    .   (shield unavailable)
rNeg     + . .     Spirit   .   (armour unavailable)
rPois    .         Reflect  .   (helmet unavailable)
rElec    .         Harm     .   (cloak unavailable)
rCorr    .         Rampage  .   (gloves unavailable)
Will     .....                  (boots unavailable)
Stlth    ++........             (no amulet)
HPRegen  0.06/turn              c - ring of positive energy
MPRegen  0.11/turn              (no ring)

@: quick
A: very small, claws 1, fangs 3, see invisible, speed 1, shaggy fur 1, stealthy
paws, no weapons or thrown items, no armour, multi-lived
a: no special abilities


You were on level 4 of the Dungeon.
You visited 1 branch of the dungeon, and saw 4 of its levels.

You collected 60 gold pieces.

Inventory:

Jewellery
 c - a ring of positive energy (left paw)
Scrolls
 a - a scroll of blinking
 d - a scroll of fear {unknown}
 e - a scroll of teleportation {unknown}
 f - 3 scrolls of identify {unknown}
 g - a scroll of enchant armour {unknown}
 i - a scroll of summoning {unknown}
Potions
 b - 2 potions of curing
 h - a potion of mutation {unknown}


   Skills:
 - Level 2.0 Fighting
 * Level 5.1 Dodging
 + Level 2.9 Stealth
 + Level 3.0 Unarmed Combat
 - Level 2.0 Spellcasting
 + Level 5.4 Translocations


You had 7 spell levels left.
You didn't know any spells.
Your spell library contained the following spells:

 Spells                   Type           Power      Damage    Failure   Level
 Blink                    Tloc           N/A        N/A       4%          2
 Gell's Gravitas          Tloc           8%         N/A       8%          3
 Lesser Beckoning         Tloc           8%         N/A       8%          3
 Teleport Other           Tloc           16%        N/A       8%          3
 Manifold Assault         Tloc           16%        N/A       58%         5


Dungeon Overview and Level Annotations

Branches:
Dungeon (4/15)
 Temple: D:4-7

Altars:
Cheibriados
Elyvilon
Uskayaw

Shops:
D:1 :[:   D:3 *   D:4 ?


Innate Abilities, Weirdness & Mutations

You have sharp claws.
You have razor-sharp teeth.
You have supernaturally acute eyesight. (SInv)
You cover ground quickly. (Speed+)
You are covered in fur. (AC +1)
Your paws help you pounce on unaware monsters.
You are incapable of wielding weapons or throwing items.
You cannot wear armour.
You gain extra lives every three experience levels.


Message History

You scratch the iguana.
The iguana is heavily wounded.
The iguana barely misses you.
You scratch the iguana but do no damage.
The iguana is heavily wounded.
The iguana misses you.
You scratch the iguana but do no damage.
The iguana is heavily wounded.
The iguana closely misses you.
You scratch the iguana but do no damage.
The iguana is heavily wounded.
The iguana bites you.
You closely miss the iguana.
The iguana is heavily wounded.
The iguana misses you.
You scratch the iguana but do no damage.
The iguana is heavily wounded.
The iguana bites you.
You are too injured to fight recklessly!
You are too injured to fight recklessly!
You are too injured to fight recklessly!
You are too injured to fight recklessly!
You are too injured to fight recklessly!
You are too injured to fight recklessly!
You are too injured to fight recklessly!
You are too injured to fight recklessly!
You are too injured to fight recklessly!
You are too injured to fight recklessly!
You are too injured to fight recklessly!
You scratch the iguana.
The iguana is heavily wounded.
The iguana closely misses you.
You scratch the iguana.
The iguana is severely wounded.
The iguana barely misses you.
You scratch the iguana.
The iguana is almost dead.
The iguana bites you!
Ouch! That really hurt!
You die...

#.##....####.........#
#.##.......'...#.....+
#.##....####.........#
#.......# ###.∩.#..##
####.#### #.....## #.#
#.#..## #.# #.#+##
###.#### #...#
#...@l.# ###.#
#.#.##.########.#####
#.#.# #............. #
#.# #.####.....### #..
##...#... ### ##.##.##
#.##.# #.##.# #.##.#


You could see an iguana.

Vanquished Creatures
  Natasha (thrice) (D:2)
  An adder skeleton (D:4)
  2 worms (D:2)
  5 dart slugs
  An endoplasm (D:2)
  4 giant cockroaches
  6 goblins
  3 hobgoblins
  3 jackals (D:3)
  6 kobolds
  2 quokkas
  5 ball pythons
  4 bats
  5 frilled lizards
  6 rats
56 creatures vanquished.

Notes
Turn   | Place    | Note
-------+----------+-------------------------------------------
     0 | D:1      | Descartes the Felid Warper began the quest for the Orb.
     0 | D:1      | Reached XP level 1. HP: 9/9 MP: 4/4
   328 | D:1      | Reached XP level 2. HP: 6/13 MP: 6/6
   515 | D:1      | Reached skill level 1 in Stealth
   789 | D:1      | Found Ris Amabryn's Book Boutique.
   973 | D:1      | Found Cysaphyk's Book Shop.
   985 | D:1      | Found Zoonnaus's Antique Armour Emporium.
  1356 | D:2      | Reached XP level 3. HP: 4/16 MP: 7/7
  1615 | D:2      | Found a snail-covered altar of Cheibriados.
  1615 | D:2      | Noticed Natasha
  1624 | D:2      | Killed Natasha
  1625 | D:2      | Reached skill level 5 in Translocations
  1974 | D:2      | Noticed Natasha
  2374 | D:2      | Killed Natasha
  2375 | D:2      | Reached XP level 4. HP: 15/19 MP: 8/8
  3104 | D:2      | Noticed Natasha
  3121 | D:2      | Killed from afar by Natasha
  3122 | D:2      | Reached XP level 3. HP: -1/16 MP: 7/7
  3135 | D:2      | Killed Natasha
  3136 | D:2      | Reached skill level 5 in Dodging
  3136 | D:2      | Reached XP level 4. HP: 19/19 MP: 8/8
  3546 | D:3      | Found a hide-covered altar of Uskayaw.
  3588 | D:3      | Found a white marble altar of Elyvilon.
  3715 | D:3      | Found Henoeh's Assorted Antiques.
  4110 | D:4      | Found Medun's Magic Scroll Emporium.
  4206 | D:4      | Slain by an iguana

Illustrated notes

Levels and vault maps discovered:
D:1:      dpeg_arrival_lava_temple_mockup, layout_loops_ring, serial_shops,
          shop, shop, nicolae_shop_crystal, minmay_tromino_v4_b
D:2:      layout_rooms, basic_altar, uniq_natasha
D:3:      layout_basic, overflow_temple_1_default,
          mainiacjoe_overflow_concentric_impassable, serial_shops,
          nicolae_shop_waterfront
D:4:      layout_loops_corners, grunt_dithmenos_smoke_and_mirrors, serial_shops,
          nicolae_shop_stone, uniq_eustachio

Skill      XL: |  1  2  3  4 |
---------------+-------------+-----
Stealth        | 1 2 |  2.9
Dodging        | 4 5 |  5.1
Translocations | 5 |  5.4
Unarmed Combat | 3 |  3.0
Fighting       | |  2.0
Spellcasting   | |  2.0

Action                   |  1- 3 |  4- 6 || total
-------------------------+-------+-------++-------
Melee: Unarmed           |   124 |    94 ||   218
       Bite              |    12 |     9 ||    21
       Punch             |     3 |       ||     3
  Use: Potion            |     3 |       ||     3
       Scroll            |     1 |       ||     1
 Stab: Sleeping          |     3 |     2 ||     5
Armor: Skin              |     5 |     5 ||    10
Dodge: Dodged            |   102 |    92 ||   194
